AoeStats
← FM-TheVoid

Black Forest

507876191Analyzed
2v2 RM · 12d ago on Sep 20, 2026· 51m 17s· 4 players
Game mode
Random Map
Map size
Medium (4 player)
Population
200
Speed
Normal
Resources
Standard
Victory
Conquest
Starting age
Dark Age
Ending age
Imperial Age
RankedLock teamsTeams togetherTeam positionsShared explorationLock speedFull tech treeHidden civsTurbo modeCheats
Victory
Defeat
🇨🇴 Spanish · Colombia
1254
+15
🇺🇸 Hindustanis · United States
1196
+17
🇦🇷 Khmer · Argentina
1240
-17
🇦🇷 Huns · Argentina
1201
-15
[Tps] Legio
0:26 Loom
11:34 Feudal Age
15:04 Castle Age
13:23 Double-Bit Axe
14:38 Horse Collar
17:25 Wheelbarrow
19:56 Town Watch
22:05 Fletching
22:49 Padded Archer Armor
22:20 Elite Skirmisher
24:53 Bodkin Arrow
27:18 Leather Archer Armor
29:56 Ballistics
30:19 Town Patrol
32:44 Hand Cart
35:40 Imperial Age
34:44 Scale Barding Armor
34:57 Bow Saw
35:42 Bloodlines
35:32 Husbandry
36:27 Bracer
37:41 Chemistry
37:37 Heavy Plow
38:20 Conscription
38:06 Light Cavalry
40:22 Ring Archer Armor
40:13 Chain Barding Armor
40:22 Elite Ballista Elephant
45:07 Double Crossbow
47:34 Hussar
FM-TheVoid
1:16 Loom
11:39 Feudal Age
16:28 Castle Age
15:46 Double-Bit Axe
19:12 Horse Collar
20:51 Heavy Plow
27:09 Wheelbarrow
32:05 Imperial Age
30:55 Fletching
31:36 Bodkin Arrow
33:11 Parthian Tactics
32:51 Padded Archer Armor
32:56 Gold Mining
34:10 Ballistics
34:29 Scale Barding Armor
35:01 Bloodlines
35:25 Conscription
35:47 Gold Shaft Mining
35:23 Bow Saw
35:49 Hand Cart
35:54 Husbandry
36:56 Marauders
37:39 Caravan
37:09 Cavalier
37:55 Heavy Cavalry Archer
40:08 Chemistry
38:57 Elite Tarkan
40:46 Bracer
41:31 Forging
43:06 Iron Casting
43:08 Chain Barding Armor
44:07 Chain Barding Armor
44:48 Blast Furnace
45:30 Pikeman
46:46 Plate Barding Armor
48:13 Scale Mail Armor
molina_229
2:09 Loom
11:48 Feudal Age
13:02 Town Watch
15:57 Castle Age
17:43 Double-Bit Axe
23:55 Padded Archer Armor
25:18 Leather Archer Armor
27:19 Fletching
35:50 Imperial Age
34:47 Scale Barding Armor
34:53 Forging
35:30 Wheelbarrow
34:47 Horse Collar
35:21 Bow Saw
36:25 Bloodlines
36:52 Husbandry
38:20 Chemistry
37:55 Cavalier
40:52 Bodkin Arrow
41:21 Conscription
43:22 Caravan
43:31 Heavy Plow
43:23 Gold Mining
44:21 Bombard Tower
44:57 Ballistics
44:48 Masonry
45:43 Onager
47:46 Ring Archer Armor
47:17 Bracer
48:04 Hand Cart
47:51 Town Patrol
48:43 Iron Casting
48:29 Chain Barding Armor
48:39 Supremacy
51:16 Architecture
50:42 Murder Holes
Murdock
0:42 Loom
12:35 Feudal Age
17:16 Castle Age
16:01 Horse Collar
16:08 Double-Bit Axe
24:14 Stone Mining
25:52 Bow Saw
26:54 Wheelbarrow
27:54 Heavy Plow
28:15 Gold Mining
28:44 Hand Cart
28:55 Town Watch
32:51 Imperial Age
30:40 Scale Barding Armor
30:46 Forging
31:34 Gold Shaft Mining
31:34 Stone Shaft Mining
31:08 Grand Trunk Road
31:45 Chain Barding Armor
31:56 Bloodlines
31:46 Husbandry
32:26 Coinage
31:57 Caravan
32:55 Iron Casting
32:44 Town Patrol
32:57 Masonry
32:43 Murder Holes
33:00 Fortified Wall
33:44 Fletching
34:46 Conscription
34:16 Heavy Camel Rider
36:12 Chemistry
35:33 Ballistics
35:19 Siege Engineers
36:08 Plate Barding Armor
36:42 Blast Furnace
35:51 Imperial Camel Rider
37:48 Two-Man Saw
36:53 Bodkin Arrow
40:28 Bracer
43:19 Hoardings
50:49 Banking
Connection lost

Rejoining the realm…

Still unreachable

The connection could not be restored.

Session expired

The server has moved on; the page needs a fresh start.